cohdb
Replays
Latest Replays
All Replays
Popular Replays
Top Player Replays
Match Explorer
How It Works
Community
CoH3 Stats
Reddit
Sign in to upload your games and track your stats! →
Sign in with Steam
Match 45236346
Unlisted
Match 45236346
Overview
Messages
Build Orders
End
Construct Section Command Post
Selects Canadian Shock Battlegroup
Royal Engineer Section
Dingo Light Scout Car
Infantry Section
Infantry Section
Construct Platoon Command Post
Selects Attacking Spirit
Selects Canadian Shock Section
Humber Armored Car
Canadian Shock Section
Infantry Training
6-pounder Anti-tank Gun Team
Selects Incendiary Munitions
Grenade Package
Vickers Machine Gun Team
Selects Pyrotechnics
Construct Company Command Post
Infantry Section
Crusader II Medium Tank
Crusader II Medium Tank
Armored Vehicle Training
CMP 15cwt Truck
Selects Churchill Crocodile Heavy Tank
Construct Field Infirmary
Crusader II Medium Tank
Crusader II Medium Tank
♥ ~Lady Rytsu~ ♥
.
고구마줄거리
-97
[PBS] Sigizmund
welnez
BES2
Beary bear
0
0
Comments
sign in to comment!
No comments posted yet!